AoeStats
← T

Arabia

504705802Analyzed
2v2 RM · 25d ago on Sep 6, 2026· 71m 3s· 4 players
Game mode
Random Map
Map size
Medium (4 player)
Population
200
Speed
Normal
Resources
Standard
Victory
Conquest
Starting age
Dark Age
Ending age
Imperial Age
RankedLock teamsTeams togetherTeam positionsShared explorationLock speedFull tech treeHidden civsTurbo modeCheats
Victory
Defeat
🇨🇳 Mongols · China
815
+17
🇨🇭 Celts · Switzerland
811
+17
🇩🇪 Inca · Germany
867
-44
🇩🇪 Teutons · Germany
800
-18
[[email protected]] Darku$ [+]
0:30 Loom
9:49 Feudal Age
11:11 Wheelbarrow
11:02 Double-Bit Axe
12:15 Horse Collar
21:18 Castle Age
21:45 Stone Mining
21:55 Gold Mining
27:48 Heavy Plow
28:01 Bow Saw
29:25 Gold Shaft Mining
31:15 Scale Mail Armor
35:55 Stone Shaft Mining
39:17 Imperial Age
37:12 Town Watch
38:01 Stronghold
38:23 Forging
38:28 Chain Mail Armor
38:18 Scale Barding Armor
38:14 Padded Archer Armor
38:04 Fletching
38:38 Ballistics
37:59 Treadmill Crane
38:43 Scale Barding Armor
38:53 Chain Mail Armor
39:04 Heated Shot
40:22 Conscription
40:24 Fletching
41:13 Leather Archer Armor
41:35 Fervor
42:22 Devotion
43:21 Hand Cart
43:29 Sanctity
43:20 Herbal Medicine
43:23 Capped Ram
44:26 Chain Mail Armor
46:38 Iron Casting
46:33 Plate Mail Armor
46:23 Chain Barding Armor
46:17 Fortified Wall
46:26 Arson
47:59 Town Patrol
49:00 Blast Furnace
48:20 Chain Barding Armor
48:14 Masonry
49:11 Bodkin Arrow
49:32 Pikeman
52:03 Arrowslits
52:08 Guard Tower
52:15 Halberdier
54:24 Chain Barding Armor
55:27 Furor Celtica
56:55 Hoardings
57:15 Sappers
58:27 Ring Archer Armor
57:54 Murder Holes
59:40 Chemistry
59:06 Onager
61:21 Keep
62:15 Siege Onager
63:59 Siege Engineers
64:21 Faith
64:22 Heresy
64:43 Heavy Scorpion
66:13 Siege Ram
星河船泊
1:50 Loom
2:50 Loom
3:06 Loom
10:09 Feudal Age
10:46 Horse Collar
11:34 Double-Bit Axe
16:09 Town Watch
16:16 Town Watch
18:42 Stone Mining
23:11 Wheelbarrow
27:37 Castle Age
26:38 Gold Mining
29:24 Fletching
29:36 Padded Archer Armor
29:47 Forging
29:43 Scale Barding Armor
30:35 Heavy Plow
30:59 Bow Saw
31:29 Stone Shaft Mining
31:24 Hand Cart
31:09 Town Patrol
31:49 Fervor
32:30 Gold Shaft Mining
32:30 Bodkin Arrow
32:51 Leather Archer Armor
34:44 Nomads
36:36 Thumb Ring
40:56 Imperial Age
42:02 Conscription
41:45 Bracer
42:52 Chemistry
46:14 Ballistics
46:06 Masonry
45:51 Murder Holes
47:30 Elite Mangudai
50:36 Bloodlines
50:27 Husbandry
54:58 Siege Engineers
55:34 Hoardings
54:58 Light Cavalry
61:19 Hussar
T
5:19 Loom
7:38 Loom
10:48 Feudal Age
13:54 Wheelbarrow
14:05 Padded Archer Armor
14:11 Horse Collar
21:43 Champi Runner
28:45 Castle Age
27:33 Forging
29:15 Scale Mail Armor
29:27 Champi Warrior
30:54 Squires
30:40 Arson
36:52 Iron Casting
36:14 Double-Bit Axe
36:29 Heavy Plow
36:18 Pikeman
39:18 Chain Mail Armor
47:22 Hand Cart
47:20 Bow Saw
47:11 Heavy Plow
47:35 Gold Mining
47:51 Heavy Plow
51:40 Imperial Age
52:00 Gold Shaft Mining
52:41 Elite Champi Warrior
53:53 Plate Mail Armor
54:23 Blast Furnace
53:01 Halberdier
58:17 Town Watch
61:03 Town Patrol
62:59 Conscription
=(^.^)=
4:31 Loom
12:19 Feudal Age
13:32 Double-Bit Axe
14:56 Fletching
16:03 Padded Archer Armor
23:24 Wheelbarrow
24:53 Horse Collar
28:53 Castle Age
27:15 Forging
28:17 Scale Barding Armor
29:50 Heavy Plow
30:14 Bloodlines
30:05 Gold Mining
33:39 Chain Barding Armor
33:54 Iron Casting
38:37 Imperial Age
38:45 Cavalier
40:12 Plate Barding Armor
40:38 Blast Furnace
41:53 Crop Rotation
42:04 Paladin
Connection lost

Rejoining the realm…

Still unreachable

The connection could not be restored.

Session expired

The server has moved on; the page needs a fresh start.